 Dungeon Crawl Stone Soup version 0.14-a0-1663-g0b35444 (webtiles) character file.

189465 HollowCharge the Bludgeoner (level 18, -3/201 (213) HPs)
             Began as an Ogre Gladiator on Dec 27, 2013.
             Was the Champion of Trog.
             Slain by a bone dragon (16 damage)
             ... on Level 5 of the Swamp on Dec 28, 2013.
             The game lasted 04:55:29 (39432 turns).

HollowCharge the Bludgeoner (Ogre Gladiator)       Turns: 39432, Time: 04:55:30

HP  -3/201 (213) AC 12     Str 36      XL: 18   Next:  8%
MP  18/18        EV 19     Int  7      God: Trog [******]
Gold 1598        SH  0     Dex 10      Spells:  0 memorised, 17 levels left

rFire  + + .     SeeInvis .     n - +5 giant club "Wuilar" {crush, Noisy rElec rPois rF+}
rCold  . . .     Clarity  +     Q - +1 troll leather armour {Snorg}
rNeg   . . .     Conserve .     (shield restricted)
rPois  +         rCorr    .     U - +1 elf cap
rElec  +         rRot     .     m - +2 orc cloak
SustAb . .       Spirit   .     (gloves unavailable)
rMut   .         Warding  .     (boots unavailable)
Saprov + . .     Stasis   .     w - amulet of clarity
                                D - +3 ring of evasion
                                u - ring of sustenance

@: exhausted, mighty, slowed, drained, very slow, somewhat resistant to hostile
enchantments, very unstealthy
A: unfitting armour, fire resistance 1, fast metabolism 1, saprovore 1, tough
skin 1
a: Burn Spellbooks, Berserk, Trog's Hand, Brothers in Arms, Renounce Religion
}: 1/15 runes: serpentine


You were on level 5 of the Swamp.
You worshipped Trog.
Trog was exalted by your worship.
You were near starving.

You visited 5 branches of the dungeon, and saw 30 of its levels.

You collected 1598 gold pieces.

Inventory:

Hand weapons
 d - a +1,+5 orcish dire flail of protection
 n - the +5,+5 giant club "Wuilar" (weapon) {crush, Noisy rElec rPois rF+}
   (Trog gifted it to you on level 3 of the Lair of Beasts)

   It inflicts extra damage upon your enemies.
   It protects you from fire.
   It insulates you from electricity.
   It protects you from poison.
   It makes noises.
 o - a +3,+2 great mace of crushing
 O - the +6,+4 giant club of the Stork {flame, Hunger}
   (Trog gifted it to you on level 7 of the Lair of Beasts)

   It emits flame when wielded, causing extra injury to most foes and up to
   double damage against particularly susceptible opponents.
   It speeds your metabolism.
 S - a +3,+3 dire flail of holy wrath
Armour
 m - a +2 orcish cloak (worn)
 E - a +2 robe of positive energy
 Q - a +1 troll leather armour (worn) {Snorg}
 U - a +1 elven cap (worn)
Magical devices
 a - a wand of disintegration (20)
 H - a wand of digging (7)
Comestibles
 c - a bread ration
 f - 8 meat rations
 r - 2 pears
 v - 5 apples
 C - 3 chokos
 R - 2 sultanas
 V - 9 strawberries
 X - 3 lemons
 Y - 3 beef jerkies
Scrolls
 e - 3 scrolls of fear
 k - a scroll of vulnerability {unknown}
 p - 6 scrolls of identify
 K - a scroll of magic mapping
 L - a scroll of acquirement {unknown}
 Z - a scroll of summoning
Jewellery
 b - an uncursed amulet of conservation
 g - an uncursed ring of flight
 u - a ring of sustenance (left hand)
 w - an amulet of clarity (around neck)
 x - an uncursed ring of see invisible
 y - an uncursed ring of positive energy
 A - an uncursed amulet of stasis
 B - an uncursed ring of fire
 D - a +3 ring of evasion (right hand)
 F - an uncursed ring of ice
 J - an uncursed ring of regeneration
 T - an uncursed amulet of resist corrosion
Potions
 h - 2 potions of heal wounds
 i - 2 potions of flight
 j - 9 potions of curing
 l - 2 potions of porridge
 z - 5 potions of restore abilities
 W - a potion of resistance
Miscellaneous
 N - a box of beasts
 P - a lantern of shadows
Rods
 G - a +8 rod of fiery destruction (14/14)
   (You found it on level 8 of the Lair of Beasts)


   Skills:
 * Level 20.6(20.3) Fighting
 * Level 20.7(20.4) Maces & Flails
 - Level 2.1(1.9) Throwing
 + Level 10.7(10.4) Armour
 * Level 15.7(15.4) Dodging


You had 17 spell levels left.
You didn't know any spells.

Dungeon Overview and Level Annotations

Branches:
Dungeon (11/16)            Temple (1/1) D:4            Lair (8/8) D:11
  Swamp (5/5) Lair:3        Snake (5/5) Lair:3        Slime (0/6) Lair:7
    Orc: D:9-12

Altars:
Ashenzari
Cheibriados
Elyvilon
Fedhas
Kikubaaqudgha
Makhleb
Nemelex Xobeh
Okawaru
Sif Muna
Trog
Vehumet
Xom
Yredelemnul
Zin
the Shining One
Jiyva

Shops:
D:3 }   D:10 (

Annotations:
Lair:7 exclusion: 2 oklob plants
Snake:5 exclusion: Roxanne, Roxanne


Innate Abilities, Weirdness & Mutations

You are too large for most types of armour.
You have a fast metabolism.
You can tolerate rotten meat.
You have tough skin (AC +1).
Your flesh is heat resistant.


Message History

* * * LOW HITPOINT WARNING * * *
The bone dragon claws you.
* * * LOW HITPOINT WARNING * * *
The bone dragon tramples you.
* * * LOW HITPOINT WARNING * * *
You hold your ground!
The seven-headed hydra zombie closely misses you.
The seven-headed hydra zombie barely misses you.
The seven-headed hydra zombie bites you.
* * * LOW HITPOINT WARNING * * *
The seven-headed hydra zombie bites you but does no damage.
The seven-headed hydra zombie bites you.
* * * LOW HITPOINT WARNING * * *
The seven-headed hydra zombie barely misses you.
The seven-headed hydra zombie bites you but does no damage.
The phantasmal warrior completely misses you.
The bone dragon misses you.
The bone dragon claws you but does no damage.
The bone dragon tramples you!
You die...

♣..≈≈≈..###
♣♣..≈≈....###
♣..≈≈≈.§.§≈##
♣.≈≈≈≈#§§§..###
♣.≈≈≈##≈......##
##
♣≈≈≈#######....##
.≈## ♣≈≈≈#
###.§≈###.≈≈P#
♣≈≈##
##§WD..?z≈≈# ♣###
##@ZpZ.z≈#
####.z≈## ≈## #


You could see a bone dragon, a phantasmal warrior, a phantom, a seven-headed
hydra zombie, a four-headed hydra zombie and 3 swamp worm zombies.

Vanquished Creatures
  Norris (Swamp:5)
  Nikola (Swamp:1)
  Agnes (Swamp:1)
  Frances (Swamp:5)
  Aizul (Swamp:5)
  Louise (Snake:2)
  6 greater nagas (Snake:5)
  Azrael (Snake:2)
  Snorg (Lair:5)
  The ghost of Yllodra the Unseen, a powerful SpEn of Ashenzari (Lair:8)
  8 anacondas
  Erica (Lair:2)
  18 death yaks
  5 alligators
  3 catoblepae (Lair:8)
  26 naga warriors
  16 hydras
  A lindwurm (Lair:7)
  3 sea snakes (Snake:2)
  A hill giant (D:10)
  3 swamp dragons
  2 spectral hydras (Swamp:5)
  A cyclops (D:11)
  A spiny worm (Lair:7)
  Pikel (D:7)
  A red wasp (Swamp:3)
  4 griffons
  10 elephants
  53 black mambas
  5 guardian serpents
  25 spiny frogs
  A feature mimic (Lair:4)
  2 fire drakes (Lair:2)
  29 naga magi
  4 swamp worm zombies (Swamp:5)
  A troll (D:11)
  7 komodo dragons
  A hydra zombie (Swamp:5)
  A two-headed ogre (D:11)
  9 giant leeches
  22 blink frogs
  9 slime creatures
  A spectral swamp dragon (Swamp:5)
  2 alligator zombies (Swamp:5)
  17 bog bodies
  3 basilisks
  7 baby alligators
  6 ugly things (Swamp:1)
  A wraith (D:11)
  2 wyverns
  68 yaks
  2 elephant slugs
  7 hippogriffs
  A hungry ghost (D:11)
  4 fire elementals (Snake:2)
  Grum (D:9)
  A steam dragon (Lair:4)
  3 wolves (D:9)
  29 vampire mosquitoes
  37 swamp worms
  Menkaure (D:7)
  A hell hound (Snake:2)
  A hill giant skeleton (D:10)
  10 porcupines
  A soldier ant (D:8)
  5 necrophages
  5 swamp drakes
  2 phantoms
  A swamp dragon zombie (Swamp:5)
  2 orc warriors
  2 sky beasts
  76 nagas
  5 giant goldfish
  3 ice beasts
  5 tengu (Swamp:2)
  A black bear (Lair:1)
  A slave (D:7)
  Edmund (D:5)
  8 centaurs
  16 crocodiles
  5 ogres
  2 boring beetles
  A brain worm (D:8)
  2 rotting devils (D:8)
  41 water moccasins
  Sigmund (D:7)
  9 giant slugs
  9 agate snails
  25 insubstantial wisps
  A gnoll sergeant (D:10)
  22 killer bees
  A yak skeleton (D:8)
  8 jellyfish
  A troll skeleton (D:10)
  10 electric eels
  A hippogriff skeleton (D:10)
  6 goliath beetles
  5 crimson imps
  A jelly (D:8)
  19 giant frogs
  5 big fish
  6 hounds
  6 iguanas
  4 orc wizards (D:6)
  2 scorpions
  24 sheep
  16 worker ants
  2 orc priests
  An ogre zombie (D:5)
  A hound skeleton (D:9)
  2 worker ant zombies (D:5)
  Terence (D:3)
  35 adders
  4 giant centipedes
  85 green rats
  A worm zombie (D:5)
  An inept feature mimic (D:4)
  12 white imps (Lair:1)
  3 giant mites
  An ufetubus (Swamp:5)
  8 worms
  A giant eyeball (D:11)
  7 giant geckos
  19 orcs
  5 ball pythons
  7 giant cockroaches
  13 gnolls
  11 hobgoblins
  3 jackals (Lair:2)
  11 kobolds
  An ooze (D:5)
  9 quokkas
  17 bats
  A giant mite zombie (D:5)
  8 giant newts
  14 goblins
  A goblin skeleton (D:5)
  A hobgoblin skeleton (D:5)
  A hobgoblin zombie (D:5)
  A kobold skeleton (D:7)
  24 rats
  A ballistomycete (D:11)
  A bush (Lair:5)
  14 fungi
  9 plants
1198 creatures vanquished.

Vanquished Creatures (collateral kills)
  2 naga warriors (Snake:5)
  A deep troll (Swamp:5)
  A spectral hydra (Swamp:5)
  3 naga magi (Snake:5)
  A ynoxinul (Swamp:5)
  2 swamp worms (Swamp:5)
  A swamp dragon zombie (Swamp:5)
  3 insubstantial wisps (Swamp:5)
  A jellyfish (Swamp:5)
  An ufetubus (Swamp:5)
16 creatures vanquished.

Vanquished Creatures (others)
  A ball lightning (Lair:8)
  An iron troll (Swamp:5)
  3 vampire mosquitoes (Swamp:1)
  2 slaves (D:7)
  A giant frog (D:7)
  A jellyfish (D:7)
  A big fish (D:7)
  A jelly (D:7)
  2 orc wizards (D:7)
  An iguana (D:7)
  An adder (Lair:2)
  A hobgoblin (D:7)
  A giant spore (D:11)
  2 rats (D:7)
  13 fungi
  2 plants (Lair:8)
34 creatures vanquished.

Grand Total: 1248 creatures vanquished

Notes
Turn   | Place    | Note
--------------------------------------------------------------
     0 | D:1      | HollowCharge, the Ogre Gladiator, began the quest for the Orb.
     0 | D:1      | Reached XP level 1. HP: 22/22 MP: 1/1
   236 | D:1      | Reached XP level 2. HP: 27/29 MP: 2/2
   750 | D:2      | Reached XP level 3. HP: 26/37 MP: 3/3
  1277 | D:2      | Reached XP level 4. HP: 43/48 MP: 4/4
  1741 | D:3      | Noticed Terence
  1857 | D:3      | Reached skill level 5 in Maces & Flails
  1969 | D:3      | Found Odwaetox's Gadget Shoppe.
  2202 | D:3      | Reached XP level 5. HP: 42/55 MP: 5/5
  2794 | D:4      | Found a staircase to the Ecumenical Temple.
  2819 | D:4      | Reached skill level 5 in Fighting
  2834 | Temple   | Entered the Ecumenical Temple
  2930 | Temple   | Became a worshipper of the Shining One
  2984 | D:4      | Was placed under penance by the Shining One
  2994 | D:4      | Reached XP level 6. HP: 66/66 MP: 6/6
  3101 | D:4      | Noticed an ogre
  3111 | D:4      | Killed an ogre
  3111 | D:4      | Reached skill level 6 in Maces & Flails
  3210 | D:4      | Fell from the grace of the Shining One
  3321 | Temple   | Became a worshipper of the Shining One
  3411 | D:4      | Noticed an ogre
  3422 | D:4      | Was placed under penance by the Shining One
  3424 | D:4      | Killed an ogre
  3571 | D:4      | Reached XP level 7. HP: 75/75 MP: 7/7
  3574 | D:4      | Was forgiven by the Shining One
  3574 | D:4      | Was placed under penance by the Shining One
  3698 | D:4      | Fell from the grace of the Shining One
  3750 | Temple   | Became a worshipper of Trog the Wrathful
  3878 | D:5      | Entered Level 5 of the Dungeon
  4102 | D:5      | Reached skill level 5 in Dodging
  4441 | D:5      | Noticed Edmund
  4549 | D:5      | Reached skill level 7 in Maces & Flails
  5196 | D:5      | Reached XP level 8. HP: 65/87 MP: 8/8
  5570 | D:3      | Killed Terence
  5793 | D:5      | Killed Edmund
  6104 | D:5      | Reached skill level 8 in Maces & Flails
  6111 | D:6      | Acquired Trog's first power
  6694 | D:6      | Found a deep blue altar of Sif Muna.
  6885 | D:7      | Noticed Sigmund
  6892 | D:7      | Killed Sigmund
  7496 | D:7      | Noticed Pikel
  7530 | D:7      | Killed Pikel
  7530 | D:7      | Reached skill level 9 in Fighting
  7530 | D:7      | Reached XP level 9. HP: 72/98 MP: 9/9
  8099 | D:7      | Noticed Menkaure
  8114 | D:7      | Killed Menkaure
  8783 | D:8      | Reached skill level 10 in Maces & Flails
  8819 | D:8      | Reached skill level 10 in Fighting
  9069 | D:8      | Gained mutation: Your flesh is heat resistant. [mutagenic meat]
  9323 | D:8      | Found a blossoming altar of Fedhas.
  9408 | D:8      | Reached XP level 10. HP: 88/102 MP: 10/10
  9524 | D:8      | Reached skill level 11 in Maces & Flails
 10200 | D:9      | Acquired Trog's second power
 10508 | D:9      | Noticed Grum
 10519 | D:9      | Killed Grum
 10718 | D:10     | Entered Level 10 of the Dungeon
 10780 | D:10     | Reached skill level 12 in Maces & Flails
 11256 | D:10     | Found Gatrua's Antique Weapon Shoppe.
 11256 | D:10     | Noticed a hill giant
 11263 | D:10     | Killed a hill giant
 11263 | D:10     | Reached XP level 11. HP: 61/114 MP: 11/11
 11896 | D:11     | Reached skill level 13 in Maces & Flails
 11942 | D:11     | Acquired Trog's third power
 12266 | D:11     | Paralysed by a giant eyeball for 4 turns
 12277 | D:11     | Paralysed by a giant eyeball for 3 turns
 12286 | D:11     | Paralysed by a giant eyeball for 3 turns
 12600 | D:11     | Found a staircase to the Lair.
 13074 | Lair:1   | Entered Level 1 of the Lair of Beasts
 13137 | Lair:1   | Reached skill level 10 in Dodging
 14331 | Lair:1   | Found a frozen archway.
 14353 | Lair:1   | Reached skill level 14 in Maces & Flails
 14461 | Lair:1   | Reached XP level 12. HP: 66/128 MP: 12/12
 15490 | Lair:2   | Noticed Erica
 15530 | Lair:2   | Killed Erica
 15593 | Lair:2   | Noticed an eight-headed hydra
 16071 | Lair:2   | Killed an eight-headed hydra
 16408 | Lair:2   | Reached skill level 15 in Maces & Flails
 16580 | Lair:2   | Reached skill level 15 in Fighting
 16911 | Lair:3   | Found a staircase to the Swamp.
 17496 | Lair:3   | Found a staircase to the Snake Pit.
 17525 | Lair:3   | Received a gift from Trog
 17535 | Lair:3   | Got a bloodstained giant club {god gift}
 17562 | Lair:3   | Identified the +5,+5 giant club "Wuilar" {crush, Noisy rElec rPois rF+} (Trog gifted it to you on level 3 of the Lair of Beasts)
 17638 | Lair:3   | Reached XP level 13. HP: 88/141 MP: 13/13
 18027 | Swamp:1  | Entered Level 1 of the Swamp
 18835 | Lair:4   | Reached skill level 16 in Fighting
 19024 | Lair:4   | Received a gift from Trog
 19195 | Lair:4   | Found a hole to the Spider Nest.
 19414 | Lair:4   | the hole to the Spider Nest was a mimic.
 20065 | Lair:5   | Noticed Snorg
 20074 | Lair:5   | Killed Snorg
 20266 | Lair:5   | Reached skill level 1 in Armour
 20773 | Lair:5   | Received a gift from Trog
 20801 | Lair:5   | Reached XP level 14. HP: 52/154 MP: 14/14
 21127 | Lair:6   | Reached skill level 17 in Maces & Flails
 22171 | Lair:7   | Found a viscous altar of Jiyva.
 22171 | Lair:7   | Found a staircase to the Slime Pits.
 22822 | Lair:7   | Got a wavering zirconium amulet
 23189 | Lair:7   | Received a gift from Trog
 23194 | Lair:7   | Got an encrusted giant club {god gift}
 23195 | Lair:7   | Identified the +6,+4 giant club of the Stork {flame, Hunger} (Trog gifted it to you on level 7 of the Lair of Beasts)
 23268 | Lair:8   | Entered Level 8 of the Lair of Beasts
 23314 | Lair:8   | Noticed Yllodra's ghost (powerful SpEn)
 23343 | Lair:7   | Reached skill level 5 in Armour
 23714 | Lair:8   | Killed Yllodra's ghost
 24613 | Lair:7   | Upgraded the game from 0.14-a0-1653-g0ad7a2c to 0.14-a0-1663-g0b35444
 25226 | Lair:8   | Reached XP level 15. HP: 117/165 MP: 15/15
 25493 | Lair:8   | Received a gift from Trog
 25493 | Lair:8   | Reached skill level 18 in Maces & Flails
 26350 | Swamp:1  | Noticed Agnes
 26418 | Swamp:1  | HP: 11/250 [Agnes/lajatang of distortion (7)]
 26428 | Swamp:1  | HP: 7/250 [swamp worm (9)]
 26730 | Swamp:1  | Noticed Nikola
 26730 | Swamp:1  | Killed Agnes
 27024 | Snake:1  | Entered Level 1 of the Snake Pit
 27635 | Snake:1  | Received a gift from Trog
 28096 | Snake:2  | Noticed Azrael
 28096 | Snake:2  | Noticed Louise
 28118 | Snake:2  | Killed Louise
 28393 | Snake:2  | Killed Azrael
 29105 | Snake:2  | Received a gift from Trog
 30118 | Snake:3  | Reached XP level 16. HP: 165/179 MP: 16/16
 30243 | Snake:3  | Identified a +8 rod of fiery destruction (14/14) (You found it on level 8 of the Lair of Beasts)
 30664 | Snake:3  | Received a gift from Trog
 32356 | Snake:4  | Found a glowing silver altar of Zin.
 32457 | Snake:4  | Reached skill level 19 in Maces & Flails
 32737 | Snake:5  | Entered Level 5 of the Snake Pit
 32749 | Snake:5  | Received a gift from Trog
 33145 | Snake:5  | Noticed Roxanne
 33754 | Snake:5  | Received a gift from Trog
 34222 | Snake:5  | Reached skill level 10 in Armour
 34231 | Snake:5  | Reached XP level 17. HP: 131/189 MP: 17/17
 34954 | Snake:5  | Reached skill level 15 in Dodging
 34965 | Snake:5  | Got a serpentine rune of Zot
 35220 | Snake:2  | Received a gift from Trog
 35655 | Swamp:1  | Killed Nikola
 36115 | Swamp:1  | Received a gift from Trog
 36193 | Swamp:1  | Reached skill level 20 in Maces & Flails
 37230 | Swamp:3  | Received a gift from Trog
 38582 | Swamp:5  | Entered Level 5 of the Swamp
 38585 | Swamp:5  | Noticed Aizul
 38598 | Swamp:5  | Killed Aizul
 38704 | Swamp:5  | Noticed Frances
 38716 | Swamp:5  | Killed Frances
 38796 | Swamp:5  | Noticed Norris
 38836 | Swamp:5  | Lost intelligence.
 38840 | Swamp:5  | Killed Norris
 39070 | Swamp:5  | Received a gift from Trog
 39125 | Swamp:5  | Reached XP level 18. HP: 147/204 MP: 18/18
 39424 | Swamp:5  | Noticed a bone dragon
 39432 | Swamp:5  | Slain by a bone dragon

Action                   |  1- 3 |  4- 6 |  7- 9 | 10-12 | 13-15 | 16-18 || total
-------------------------+-------+-------+-------+-------+-------+-------++-------
Melee: Mace              |    71 |   124 |   291 |       |       |       ||   486
       Dire flail        |       |       |   113 |   882 |       |       ||   995
       Giant club        |       |       |       |     9 |  1117 |  1019 ||  2145
Throw: Throwing net      |     6 |     6 |     3 |       |       |       ||    15
Invok: Burn Spellbooks   |       |       |     1 |     1 |     2 |     3 ||     7
       Berserk           |       |       |       |     2 |    18 |    15 ||    35
       Brothers in Arms  |       |       |       |       |       |     4 ||     4
Evoke: Wand              |       |       |     4 |     9 |     7 |    11 ||    31
  Use: Scroll            |     4 |    10 |     8 |    17 |    24 |    11 ||    74
       Potion            |       |     1 |     2 |    11 |     1 |     8 ||    23
 Stab: Held in net/web   |       |     3 |       |       |       |       ||     3
       Distracted        |       |       |     1 |       |       |       ||     1
       Fleeing           |       |       |       |     1 |       |       ||     1
       Invisible         |       |       |       |     1 |       |       ||     1
       Sleeping          |       |       |       |     1 |       |       ||     1
